 Dungeon Crawl Stone Soup version 0.31-a0-246-g8cbcc1cb85 (webtiles) character file.

Game seed: 13794666991405865060

176 gruber the Ruffian (level 5, -6/38 HPs)
             Began as a Demonspawn Shapeshifter on July 12, 2023.
             Mangled by an ogre
             ... wielding a +0 giant spiked club
              (19 damage)
             ... on level 4 of the Dungeon.
             The game lasted 00:02:56 (2551 turns).

gruber the Ruffian (Demonspawn Shapeshifter)        Turns: 2551, Time: 00:02:57

Health: -6/38      AC:  5    Str: 17    XL:     5   Next: 30%
Magic:  0/5        EV: 11    Int: 10    God:
Gold:   140        SH:  0    Dex: 13    Spells: 4/4 levels left

rFire   . .          .
                       - Unarmed
rCold   . . .        (no shield)
rNeg    . . .        u - +2 leather armour {Will+}
rPois   .            (helmet currently unavailable)
rElec   .            (cloak currently unavailable)
rCorr   .            (gloves currently unavailable)
SInv    .            (boots currently unavailable)
Will    +....        (no amulet)
Stlth   +            l - ring of flight
HPRegen 0.26/turn    (no ring)
MPRegen 0.18/turn

%: guardian spirit
@: beast-form, flying
A: beast (slay +1), magic shield, magic regeneration
a: no special abilities


You were on level 4 of the Dungeon.
You were a hulking beast.
You visited 1 branch of the dungeon, and saw 4 of its levels.

You collected 140 gold pieces.

Inventory:

Missiles
 h - 8 poisoned darts
Armour
 a - a +0 animal skin
 u - a +2 leather armour of willpower (worn)
Jewellery
 l - a ring of flight (left hand)
Talismans
 c - a beast talisman
 j - a maw talisman
Wands
 s - a wand of polymorph (13)
Scrolls
 d - a scroll of noise {unknown}
 e - a scroll of blinking {unknown}
 f - a scroll of torment {unknown}
 k - a scroll of poison {unknown}
 o - 3 scrolls of teleportation {unknown}
 p - a scroll of fear {unknown}
 q - a scroll of revelation {unknown}
 v - 2 scrolls of amnesia {unknown}
Potions
 b - 3 potions of lignification
 g - a potion of curing {unknown}
 i - a potion of degeneration {unknown}
 m - a potion of enlightenment {unknown}
 n - 2 potions of brilliance {unknown}
 r - a potion of ambrosia {unknown}
 t - 2 potions of attraction {unknown}
 w - a potion of cancellation {unknown}


   Skills:
 - Level 2.0 Fighting
 - Level 1.7 Dodging
 + Level 5.1 Unarmed Combat
 - Level 2.6 Shapeshifting


You had 4 spell levels left.
You didn't know any spells.
Your spell library contained the following spells:

 Spells                   Type           Power      Damage    Failure   Level
 Static Discharge         Conj/Air       0%         2-2/arc   56%         2
 Arcjolt                  Conj/Air       0%         1d10      100%        5
 Fireball                 Conj/Fire      0%         3d3       100%        5
 Freezing Cloud           Conj/Ice/Air   0%         6-21      100%        5


Dungeon Overview and Level Annotations

Branches:
Dungeon (4/15)
 Temple: D:4-7

Altars:
Ashenzari
Fedhas
Gozag
Ru
Wu Jian


Innate Abilities, Weirdness & Mutations

You are a hulking beast.
Your limbs bulge with bestial killing power. (Slay +1)
When hurt, damage is shared between your health and your magic reserves.
You regenerate magic rapidly.


Message History

You hit the kobold but do no damage. The kobold hits you but does no damage.
A kobold is nearby!
You punch the kobold!
You kill the kobold!
Things that are here:
a +0 dagger; a kobold corpse
Found an ornate altar of the Wu Jian Council.
No target in view!
Found a helmet.
No target in view!
A hobgoblin comes into view.
A goblin comes into view. It is wielding a +0 dagger.
The hobgoblin shouts!
The goblin shouts!
You hear a shout!
An ogre comes into view. It is wielding a +0 giant spiked club.
There are monsters nearby!
You hit the hobgoblin.
The hobgoblin is moderately wounded.
The hobgoblin hits you but does no damage.
There are monsters nearby!
You barely miss the hobgoblin.
The hobgoblin is moderately wounded.
The hobgoblin barely misses you.
You hit the hobgoblin.
You kill the hobgoblin!
The goblin hits you with a +0 dagger.
Unknown command.
You punch the ogre!
The ogre is moderately wounded.
You hit the ogre.
The ogre is heavily wounded.
The goblin barely misses you.
The ogre hits you with a +0 giant spiked club!!
Ouch! That really hurt!
You hit the ogre.
The ogre is severely wounded.
The goblin hits you but does no damage.
The ogre hits you with a +0 giant spiked club!!
Ouch! That really hurt!
You die...

### ###.............##.....#.. #
#....#...............#..
#..#.##.................
################.............)...
..............#..................
...#...#...#..#........##........
............._#....######........
...#...#...#..#....## #.(....).
..............#.h...# #........
###############gO................
..........# ....... ##......[###
.........# ............
#.......##... ##.....## #..


You could see an ogre and a goblin.

Vanquished Creatures
  A hound (D:2)
  A jelly (D:3)
  Ijyb (D:3)
  Robin (D:3)
  2 worms
  2 dart slugs
  5 bats
  7 endoplasms
  A giant cockroach (D:1)
  11 hobgoblins
  3 jackals (D:2)
  4 quokkas
  8 ball pythons
  2 frilled lizards (D:2)
  9 goblins
  11 kobolds
  2 rats (D:1)
71 creatures vanquished.

Notes
Turn   | Place    | Note
-------+----------+-------------------------------------------
     0 | D:1      | gruber the Demonspawn Shapeshifter began the quest for the
                  | Orb.
     0 | D:1      | Reached XP level 1. HP: 16/16 MP: 1/1
   164 | D:1      | Reached skill level 2 in Unarmed Combat
   274 | D:1      | Gained mutation: You regenerate magic rapidly. [demonic
                  | ancestry]
   274 | D:1      | Reached XP level 2. HP: 22/22 MP: 2/2
   620 | D:1      | Got the Compilation of Arcane Combat
   744 | D:2      | You fall into a shaft and drop 1 floor!
   758 | D:3      | Reached skill level 3 in Unarmed Combat
   758 | D:3      | Reached XP level 3. HP: 18/27 MP: 3/3
   841 | D:3      | Noticed Ijyb
   841 | D:3      | Noticed Robin
   858 | D:2      | Reached skill level 4 in Unarmed Combat
   858 | D:2      | Gained mutation: When hurt, damage is shared between your
                  | health and your magic reserves. [demonic ancestry]
   858 | D:2      | Reached XP level 4. HP: 30/33 MP: 4/4
   946 | D:2      | Found a blossoming altar of Fedhas.
  1687 | D:3      | Killed Robin
  1771 | D:3      | Reached XP level 5. HP: 37/38 MP: 5/5
  1898 | D:3      | Killed Ijyb
  1899 | D:3      | Reached skill level 5 in Unarmed Combat
  2013 | D:3      | Found a broken altar of Ashenzari.
  2068 | D:3      | Found an opulent altar of Gozag.
  2150 | D:3      | Found a faded altar of an unknown god.
  2441 | D:4      | Found a sacrificial altar of Ru.
  2498 | D:4      | Found an ornate altar of the Wu Jian Council.
  2545 | D:4      | Noticed an ogre
  2551 | D:4      | Mangled by an ogre

Illustrated notes

Levels and vault maps discovered:
D:1:      dpeg_arrival_castle, layout_basic, nrook_mini_backslash
D:2:      layout_basic, basic_altar, minmay_misc_feat_diagonals,
          kennysheep_decorative_pillar, minmay_domino_4
D:3:      layout_loops_ring, mainiacjoe_overflow_boulevard, marbit_many_paths,
          shapermc_ecumenical_altar_mp_ritualfount, dk_vineyard_2,
          nicolae_goblin_pals
D:4:      layout_cave_pools, kennysheep_mini_moat, lemuel_round_altar,
          lemuel_coloured_pillars_altar

Skill      XL: |  1  2  3  4  5 |
---------------+----------------+-----
Unarmed Combat | 2 3 4 5 |  5.1
Fighting       | |  2.0
Dodging        | |  1.7
Shapeshifting  | |  2.6

Action                     |  1- 3 |  4- 6 || total
---------------------------+-------+-------++-------
  Melee: Unarmed           |    55 |   119 ||   174
         Punch             |     1 |     5 ||     6
   Stab: Sleeping          |       |     3 ||     3
 Armour: Animal skin       |     5 |    11 ||    16
         Leather armour    |       |     9 ||     9
  Dodge: Dodged            |    35 |    52 ||    87

Table legend: (Time is in decaauts)
 A = Elapsed time spent in this place.
 B = Non-inter-level travel time spent in this place.
 C = Inter-level travel time spent in this place.
 D = Time resting spent in this place.
 E = Time spent auto-exploring this place.
 F = Levels seen in this place.
 G = Mean time per level.
                   A        B        C        D        E       F      G
               +--------+--------+--------+--------+--------+-----+--------+
         Total |   2538 |   2420 |    118 |     36 |   1913 |   4 |  634.5 |
       Dungeon |   2538 |   2420 |    118 |     36 |   1913 |   4 |  634.5 |
               +--------+--------+--------+--------+--------+-----+--------+

Top non-repeatable levels by time:
     D:3: 995 daAuts
     D:1: 682 daAuts
     D:2: 645 daAuts
     D:4: 215 daAuts
